Map: Orbital Shipyard

Players

Honor - Winner!

  • Race: Zerg Zerg
  • League: Master

A.I. 1 (Elite)

  • Race: Protoss Protoss

VOD

https://www.youtube.com/watch?v=7h6fR5qTxqk

Description

Time

  • Played on: Nov. 21, 2015, 1:53 p.m.
  • Length: 6:01
Show
View Real Time Build Order
Export as new Build Order

Honor Zerg - Winner!

Build Orders: Pool Only, Ravager All-In 

Get SALT Encoding   

  12  0:01  Drone  
  13  0:12  Overlord  
  13  0:17  Drone  
  14  0:30  Drone x2  
  16  0:35  Drone  
  17  0:45  Drone  
  17  0:48  Extractor  
  17  0:50  Spawning Pool  
  17  0:55  Drone  
  17  1:06  Drone  
  18  1:17  Drone  
  19  1:22  Extractor  
  18  1:27  Drone  
  19  1:37  Queen  
  21  1:40  Roach Warren  
  21  1:41  Overlord  
  20  1:51  Zergling x2  
  21  2:20  Roach x2  
  25  2:25  Roach  
  27  2:31  Overlord  
  27  2:43  Ravager x2  
  29  2:52  Ravager  
  29  2:54  Roach x4  
  38  3:03  Overlord  
  38  3:22  Overlord  
  38  3:25  Roach x3  
  44  3:33  Ravager x2  
  46  3:43  Overlord  
  46  3:46  Roach  
  48  4:01  Roach x3  
  48  4:02  Roach  
  55  4:13  Overlord  
  57  4:24  Roach  
  57  4:28  Roach x2  
  59  4:36  Roach  
  61  4:42  Ravager  
  61  4:44  Ravager  
  63  4:49  Overlord  
  63  4:57  Roach  
  59  5:05  Roach  
  61  5:08  Roach  
  61  5:12  Ravager  
  62  5:17  Roach  
  64  5:25  Roach  
  63  5:30  Overlord  
  63  5:37  Roach  
Show
View Real Time Build Order
Export as new Build Order

A.I. 1 (Elite) Protoss 

Build Orders: 1 Gate Expand 

Get SALT Encoding   

  12  0:01  Probe (Chrono Boost)  
  13  0:11  Probe (Chrono Boost)  
  14  0:20  Pylon  
  14  0:22  Probe (Chrono Boost)  
  15  0:38  Probe (Chrono Boost)  
  16  0:46  Assimilator  
  16  0:49  Probe (Chrono Boost), Gateway  
  17  0:59  Pylon, Probe (Chrono Boost)  
  18  1:10  Probe (Chrono Boost)  
  19  1:20  Probe (Chrono Boost)  
  20  1:31  Probe (Chrono Boost)  
  21  1:37  Nexus  
  21  1:42  Zealot, Probe (Chrono Boost)  
  24  1:54  Probe (Chrono Boost)  
  25  2:00  Cybernetics Core  
  25  2:05  Probe (Chrono Boost)  
  27  2:15  Probe (Chrono Boost)  
  27  2:26  Probe (Chrono Boost)  
  27  2:27  Pylon  
  27  2:29  Warp Gate  
  28  2:34  Stalker  
  31  2:37  Probe (Chrono Boost)  
  31  2:39  Gateway  
  31  2:43  Assimilator  
  31  2:49  Probe (Chrono Boost)  
  32  2:58  Pylon  
  32  3:02  Adept, Probe x2 (Chrono Boost)  
  37  3:13  Probe (Chrono Boost)  
  37  3:14  Probe (Chrono Boost)  
  38  3:24  Robotics Facility  
  38  3:25  Adept  
  38  3:27  Adept  
  38  3:30  Probe (Chrono Boost)  
  38  3:33  Probe (Chrono Boost)  
  44  3:41  Probe (Chrono Boost)  
  45  3:44  Probe (Chrono Boost)  
  46  3:50  Adept  
  46  3:52  Probe (Chrono Boost)  
  46  3:53  Adept  
  46  3:55  Probe (Chrono Boost)  
  52  4:04  Probe (Chrono Boost)  
  52  4:07  Probe (Chrono Boost)  
  48  4:10  Pylon  
  48  4:16  Adept  
  46  4:18  Adept  
  46  4:22  Probe (Chrono Boost)  
  50  4:27  Mothership Core (Chrono Boost)  
  38  4:49  Zealot  
  38  4:52  Zealot  
  38  4:56  Pylon  
  36  5:03  Pylon  
Tags
 
Add a new tag
Caveats
  • Supply blocks, unpowered buildings, or Contaminate may cause inaccurate times.
  • Supply counts are checked every 10 seconds.